 Dungeon Crawl Stone Soup version 0.31-a0-542-gdc2a67831c (webtiles) character file.

Game seed: 3134831360877782648

1579 AdnanSaban the Cudgeller (level 8, -7/49 HPs)
             Began as a Gargoyle Fighter on Aug 13, 2023.
             Mangled by a wyvern (11 damage)
             ... on level 7 of the Dungeon.
             The game lasted 00:06:13 (6951 turns).

AdnanSaban the Cudgeller (Gargoyle Fighter)         Turns: 6951, Time: 00:06:13

Health: -7/49      AC: 16    Str: 22    XL:     8   Next: 91%
Magic:  8/8        EV: 10    Int:  9    God:
Gold:   355        SH:  4    Dex:  9    Spells: 7/7 levels left

rFire   . . .        u - +4 whip (venom)
rCold   . . .        c - +0 buckler
rNeg    + . .        b - +0 scale mail
rPois   ∞            (no helmet)
rElec   +            E - +0 cloak
rCorr   .            t - +0 pair of gloves
SInv    .            (no boots)
Will    .....        (no amulet) Stlth
                     (no ring)
HPRegen 0.28/turn    (no ring)
MPRegen 0.11/turn

%: no passive effects
@: no status effects
A: sickness immunity, AC +5, negative energy resistance 1, electricity
resistance, torment resistance 1, petrification resistance
a: no special abilities


You were on level 7 of the Dungeon.
You visited 2 branches of the dungeon, and saw 8 of its levels.
You also visited: Sewer.

You collected 355 gold pieces.

Inventory:

Hand Weapons
 u - a +4 whip of venom (weapon)
Missiles
 y - 15 poisoned darts
 F - 7 boomerangs
 H - 3 darts of dispersal
Armour
 b - a +0 scale mail (worn)
 c - a +0 buckler (worn)
 t - a +0 pair of gloves (worn)
 E - a +0 cloak (worn)
Jewellery
 p - a ring of fire
 G - a ring of wizardry
Wands
 s - a wand of quicksilver (11)
 B - a wand of paralysis (7)
Scrolls
 f - a scroll of silence {unknown}
 g - 2 scrolls of enchant weapon {unknown}
 j - 2 scrolls of fog {unknown}
 k - a scroll of revelation {unknown}
 l - 2 scrolls of blinking {unknown}
 m - a scroll of fear {unknown}
 n - 2 scrolls of teleportation {unknown}
 o - a scroll of noise {unknown}
 r - a scroll of vulnerability {unknown}
 A - 4 scrolls of identify {unknown}
 D - a scroll of summoning {unknown}
Potions
 a - 4 potions of lignification {unknown}
 d - 2 potions of might
 e - 2 potions of magic {unknown}
 h - a potion of heal wounds {unknown}
 i - 2 potions of curing {unknown}
 q - 3 potions of resistance {unknown}
 v - a potion of haste {unknown}
 w - 2 potions of mutation {unknown}
 x - a potion of brilliance {unknown}
 z - a potion of invisibility {unknown}
 C - 3 potions of degeneration {unknown}


   Skills:
 + Level 5.3 Fighting
 + Level 6.9 Maces & Flails
 + Level 6.8 Armour
 + Level 2.6 Dodging
 + Level 1.6 Stealth
 + Level 5.2 Shields


You had 7 spell levels left.
You didn't know any spells.
Your spell library contained the following spells:

 Spells                   Type           Power      Damage    Failure   Level
 Apportation              Tloc           0%         N/A       75%         1
 Necrotise                Necr           0%         1d4       75%         1
 Summon Small Mammal      Summ           0%         N/A       75%         1
 Static Discharge         Conj/Air       0%         2-2/arc   87%         2
 Airstrike                Air            0%         2d(0-16)  100%        4
 Summon Lightning Spire   Summ/Air       0%         N/A       100%        4
 Summon Forest            Summ/Tloc      0%         N/A       100%        5
 Eringya's Noxious Bog    Tmut/Pois      0%         4d6       100%        6
 Summon Hydra             Summ           0%         N/A       100%        7


Dungeon Overview and Level Annotations

Branches:
Dungeon (7/15)             Temple (1/1) D:4           Sewer (visited)

Altars:
Ashenzari
Cheibriados
Dithmenos
Elyvilon
Fedhas
Gozag
Hepliaklqana
Kikubaaqudgha
Makhleb
Qazlal
Ru
Sif Muna
Uskayaw
Wu Jian
Xom
Yredelemnul
Zin

Shops:
D:4 :


Innate Abilities, Weirdness & Mutations

You are immune to sickness and miasma.
Your stone body is resilient. (AC +5)
You are immune to poison.
You resist negative energy. (rN+)
You are resistant to electric shocks. (rElec)
You are resistant to unholy torment.
You are immune to petrification.


Message History

a +0 robe; a +0 dagger
Things that are here:
a +0 ring mail; a +0 short sword You hear the faint creaking of a very distant portcullis.
Found an escape hatch in the floor.
There is an escape hatch in the floor here.
An orc wizard comes into view. It is wielding a +0 dagger.
The orc wizard shouts!
You hear a shout! 2 orcs and a wyvern come into view.
The orc shouts! x2; The wyvern hisses angrily.
The orc wizard points at you and mumbles some strange words.
You resist with some effort.
An orc priest comes into view. It is wielding a +0 short sword.
The orc priest shouts!
The orc wizard gestures wildly while chanting.
The orc wizard flickers and vanishes!
Deactivating autopickup; reactivate with Ctrl-A.
You barely miss the wyvern. The wyvern bites you!
An orc comes into view. It is wielding a +0 club.
You barely miss the wyvern.
The orc shouts!
The wyvern bites you! You block the wyvern's attack.
Unknown command.
The wyvern bites you. The wyvern attacks as you move away!
The wyvern bites you but does no damage.
The wyvern attacks as you move away! The wyvern bites you.
The orc priest miscasts a cantrip.
The wyvern bites you but does no damage.
The wyvern attacks as you move away! The wyvern bites you.
The wyvern attacks as you move away! The wyvern bites you.
* * * LOW HITPOINT WARNING * * *
The wyvern bites you.
* * * LOW HITPOINT WARNING * * *
The wyvern attacks as you move away! The wyvern bites you.
* * * LOW HITPOINT WARNING * * *
The wyvern bites you.
* * * LOW HITPOINT WARNING * * *
The wyvern attacks as you move away! The wyvern bites you!
You die...

'## ### .... #<#
..... #[#
.....o########[#
....ooo......#[#
......######.#.#
..... #.#.# ....
#l#.# +##
#@#.#####
#.#.....#
#.#####.##
#.>......#
##########


You could see a wyvern.

Vanquished Creatures
  A water moccasin (D:5)
  2 ice beasts (D:5)
  A black bear (D:6)
  2 phantoms (D:6)
  A kobold brigand (D:4)
  5 electric eels (D:6)
  An orc priest (D:5)
  4 hounds
  A jelly (D:4)
  4 iguanas
  3 orc wizards
  16 adders
  7 gnolls
  10 river rats
  5 worms (D:2)
  A dart slug (D:3)
  8 orcs
  8 ball pythons
  7 bats
  9 endoplasms
  4 giant cockroaches
  6 hobgoblins
  5 jackals
  3 quokkas
  2 frilled lizards
  A goblin (D:4)
  24 kobolds
  27 rats
168 creatures vanquished.

Notes
Turn   | Place    | Note
-------+----------+-------------------------------------------
     0 | D:1      | AdnanSaban the Gargoyle Fighter began the quest for the
                  | Orb.
     0 | D:1      | Reached XP level 1. HP: 14/14 MP: 1/1
   189 | D:1      | Reached XP level 2. HP: 19/19 MP: 2/2
  1117 | D:2      | Reached XP level 3. HP: 24/24 MP: 3/3
  1536 | D:2      | Reached skill level 1 in Dodging
  1536 | D:2      | Reached XP level 4. HP: 26/29 MP: 4/4
  2434 | D:3      | Found a glowing drain.
  2447 | D:3      | Reached XP level 5. HP: 29/33 MP: 5/5
  2448 | Sewer    | Entered a sewer
  2926 | Sewer    | Reached XP level 6. HP: 29/39 MP: 6/6
  4291 | D:4      | Found a burning altar of Makhleb.
  4374 | D:4      | Found Warhig's Book Shoppe.
  4414 | D:4      | Found a staircase to the Ecumenical Temple.
  4520 | D:4      | Reached XP level 7. HP: 25/44 MP: 7/7
  4536 | Temple   | Entered the Ecumenical Temple
  4628 | D:4      | Reached skill level 5 in Armour
  4685 | D:4      | Found an opulent altar of Gozag.
  4899 | D:4      | Found a glowing silver altar of Zin.
  4941 | D:5      | Entered Level 5 of the Dungeon
  5156 | D:5      | Reached skill level 5 in Maces & Flails
  5302 | D:5      | Reached skill level 5 in Fighting
  5302 | D:5      | Reached skill level 1 in Stealth
  5302 | D:5      | Reached XP level 8. HP: 48/49 MP: 8/8
  5799 | D:6      | Found a broken altar of Ashenzari.
  5803 | D:6      | Saw a vision of the Shoals and the Snake Pit.
  5803 | D:6      | Noticed a skyshark
  5803 | D:6      | Noticed a wind drake
  5803 | D:6      | Noticed a merfolk siren
  5803 | D:6      | Noticed a merfolk
  5803 | D:6      | Noticed a snapping turtle
  5803 | D:6      | Noticed a merfolk
  5803 | D:6      | Noticed a mana viper
  5803 | D:6      | Noticed a mana viper
  5803 | D:6      | Noticed a naga sharpshooter
  5803 | D:6      | Noticed a naga mage
  5803 | D:6      | Noticed a naga sharpshooter
  5803 | D:6      | Noticed a sea snake
  5804 | D:6      | Noticed a merfolk javelineer
  5804 | D:6      | Noticed a salamander
  5804 | D:6      | Noticed an anaconda
  5804 | D:6      | Noticed a black mamba
  5804 | D:6      | Noticed a naga warrior
  5805 | D:6      | Noticed a merfolk siren
  5805 | D:6      | Noticed a naga mage
  6096 | D:6      | Reached skill level 5 in Shields
  6939 | D:7      | Noticed a wyvern
  6951 | D:7      | Mangled by a wyvern

Illustrated notes

Levels and vault maps discovered:
D:1:      wander_arrival_peaceful_grave, layout_basic,
          amcnicky_mini_corridor_feature, lemuel_flame_loot_1
D:2:      layout_loops_ring, st_stairs_5, minmay_misc_feat_tower
D:3:      minmay_diamond_boxcup, layout_basic, portal_sewer_entry_b
D:4:      layout_basic, grunt_temple_overflow_gold_and_silver,
          makhleb_heckhound_becter, minmay_temple_entry_glass, serial_shops,
          shop
D:5:      layout_rooms, grunt_ministairs_15
D:6:      layout_loops_ring, grunt_ashenzari_visionary
          [grunt_ashenzari_visionary_shoals, grunt_ashenzari_visionary_snake],
          serial_bayou, serial_bayou_lake_a, serial_bayou_lagoon_a,
          serial_bayou_crossing, serial_bayou_pond_a, serial_bayou_pond_a
D:7:      layout_basic, enter_bailey_2, minmay_three_doors
Temple:   nicolae_temple_god_jail

Skill      XL: |  1  2  3  4  5  6  7  8 |
---------------+-------------------------+-----
Dodging        | 1 2 |  2.6
Fighting       | 4 5 |  5.3
Maces & Flails | 3 4 5 6 |  6.9
Armour         | 4 5 6 |  6.8
Shields        | 4 5 |  5.2
Stealth        | 1 |  1.6

Action                     |  1- 3 |  4- 6 |  7- 9 || total
---------------------------+-------+-------+-------++-------
  Melee: Flail             |    57 |       |       ||    57
         Whip              |    62 |   267 |   255 ||   584
 Armour: Scale mail        |    62 |   121 |   103 ||   286
  Dodge: Dodged            |    57 |   144 |    96 ||   297
  Block: Buckler           |    27 |    59 |    36 ||   122

Table legend: (Time is in decaauts)
 A = Elapsed time spent in this place.
 B = Non-inter-level travel time spent in this place.
 C = Inter-level travel time spent in this place.
 D = Time resting spent in this place.
 E = Time spent auto-exploring this place.
 F = Levels seen in this place.
 G = Mean time per level.
                   A        B        C        D        E       F      G
               +--------+--------+--------+--------+--------+-----+--------+
         Total |   6983 |   6465 |    518 |     92 |   5093 |   9 |  775.9 |
       Dungeon |   6152 |   5634 |    518 |     21 |   4577 |   7 |  878.9 |
        Temple |     83 |     83 |      0 |     71 |      0 |   1 |   83.0 |
         Sewer |    747 |    747 |      0 |      0 |    516 |   1 |  747.0 |
               +--------+--------+--------+--------+--------+-----+--------+

Top non-repeatable levels by time:
     D:3: 1380 daAuts
     D:6: 1181 daAuts
     D:1: 1116 daAuts
     D:2: 1021 daAuts
     D:5: 748 daAuts
   Sewer: 747 daAuts
     D:4: 636 daAuts
  Temple: 83 daAuts
     D:7: 66 daAuts
